 Dungeon Crawl Stone Soup version 0.22-a0-580-gd5db89c (webtiles) character file.

98 iamserjio the Chopper (level 5, -3/36 HPs)
             Began as a Halfling Berserker on July 3, 2018.
             Was a Follower of Trog.
             Slain by Grinder (6 damage)
             ... on level 3 of the Dungeon.
             The game lasted 00:03:42 (285 turns).

iamserjio the Chopper (Halfling Berserker)           Turns: 285, Time: 00:03:43

Health: -3/36      AC:  2    Str: 17 (19) XL:     5   Next: 1%
Magic:  5/5        EV: 15    Int:  4 (5)  God:    Trog [*.....]
Gold:   49         SH:  0    Dex: 13 (14) Spells: 4/4 levels left

rFire    . . .     SeeInvis .   a - +0 hand axe
rCold    . . .     Gourm    .   (shield restricted)
rNeg     . . .     Faith    .   b - +0 animal skin
rPois    .         Spirit   .   (no helmet)
rElec    .         Reflect  .   (no cloak)
rCorr    .         Harm     .   (no gloves)
MR       .....                  (no boots)
Stlth    +.........             (no amulet)
HPRegen  0.12/turn              (no ring)
MPRegen  0.09/turn              (no ring)

@: lethally poisoned (-3 -> -6), berserk cooldown, flying, slowed, very slow
A: small, mutation resistance 1
a: Berserk, Renounce Religion


You were on level 3 of the Dungeon.
You worshipped Trog.
Trog was aware of your devotion.
You were not hungry.

You visited 1 branch of the dungeon, and saw 3 of its levels.

You collected 49 gold pieces.

Inventory:

Hand Weapons
 a - a +0 hand axe (weapon)
 m - a +0 blowgun
Missiles
 g - 27 poisoned needles
Armour
 b - a +0 animal skin (worn)
Jewellery
 e - an uncursed ring of stealth {unknown}
Scrolls
 d - 3 scrolls of immolation {unknown}
 f - a scroll of fear {unknown}
 h - a scroll of identify {unknown}
 l - a scroll of amnesia {unknown}
Potions
 k - a potion of degeneration
Comestibles
 c - 2 rations
 j - 9 chunks of flesh


   Skills:
 + Level 3.1 Fighting
 * Level 3.8 Axes
 * Level 3.4 Armour
 + Level 2.9 Dodging


You had 4 spell levels left.
You didn't know any spells.
Your spell library was empty.

Dungeon Overview and Level Annotations

Branches:
Dungeon (3/15)

Altars:
Dithmenos
Sif Muna
Vehumet

Annotations:
D:3 Grinder


Innate Abilities, Weirdness & Mutations

You are small and have problems with some larger weapons.
You are somewhat resistant to further mutation.


Message History

Wield which item (- for none, * to show all)? (? for menu, Esc to quit)
a - a +0 hand axe (weapon)
The adder closely misses you.
You hit the adder.
The adder is heavily wounded.
The adder bites you.
* * * LOW HITPOINT WARNING * * *
You are poisoned.
The adder poisons you! The adder bites you but does no damage.
You hit the adder.
The adder is almost dead.
You feel sick. The adder closely misses you. The adder bites you.
* * * LOW HITPOINT WARNING * * *
It was a potion of flight.
You feel very buoyant.
You fly up into the air.
* * * LOW HITPOINT WARNING * * *
You feel sick. The adder completely misses you.
Grinder blinks!
The adder closely misses you. Grinder hits you.
You die...

....
#..####
#..).##
#...##..#
#.>. ##.#
#.# #.#
.. ##ยง#
. ####..#
#.S@5##
#..####
.... ...#
.. .


You could see Grinder and an adder.

Vanquished Creatures
  A bullfrog zombie (D:2)
  3 gnolls (D:2)
  2 adders
  A ball python (D:3)
  2 bats
  3 giant cockroaches
  3 jackals (D:2)
  3 goblins (D:2)
  2 kobolds
  2 rats
22 creatures vanquished.

Notes
Turn   | Place    | Note
-------+----------+-------------------------------------------
     0 | D:1      | iamserjio the Halfling Berserker began the quest for the Orb.
     0 | D:1      | Reached XP level 1. HP: 15/15 MP: 1/1
    74 | D:2      | Reached XP level 2. HP: 20/20 MP: 2/2
    80 | D:2      | Reached XP level 3. HP: 7/25 MP: 3/3
    98 | D:2      | Found a radiant altar of Vehumet.
   128 | D:2      | Reached XP level 4. HP: 31/31 MP: 4/4
   234 | D:2      | Found a shadowy altar of Dithmenos.
   234 | D:2      | Found a deep blue altar of Sif Muna.
   254 | D:3      | Noticed Grinder
   267 | D:3      | Reached XP level 5. HP: 14/36 MP: 5/5
   285 | D:3      | Slain by Grinder

Vault maps used:
D:1:      dpeg_arrival_arbitrary_c
D:2:      gammafunk_temple_overflow_wave, old_standard_altar, fedhas_altar_1
D:3:      nicolae_overflow_hidden_temple, biasface_ghost_orc_armoury, uniq_ijyb,
          uniq_grinder

Skill      XL: |  1  2  3 |
---------------+----------+-----
Armour         | 3 |  3.4
Fighting       | 3 |  3.1
Axes           | |  3.8
Dodging        | |  2.9

Action                   |  1- 3 |  4- 6 || total
-------------------------+-------+-------++-------
Melee: Hand axe          |    31 |    49 ||    80
 Fire: Blowgun           |       |     2 ||     2
Invok: Berserk           |     1 |     1 ||     2
  Use: Potion            |     2 |     2 ||     4
 Stab: Sleeping          |       |     1 ||     1
Armor: Animal skin       |     3 |     6 ||     9
       Skin              |    18 |     8 ||    26
Dodge: Dodged            |    21 |    37 ||    58

Table legend:
 A = Spawn XP
 B = Non-spawn XP
 C = Spawn XP percentage of total XP
 D = Spawn monster count
 E = Non-spawn monster count
 F = Spawn count percentage of total count
 G = Total turns spent on level
                    A         B        C        D         E        F      G
               +---------+---------+-------+---------+---------+-------+---------
         Total |       0 |     141 |   0.0 |       0 |      22 |   0.0 |   285
               +---------+---------+-------+---------+---------+-------+---------
           D:1 |       0 |       5 |   0.0 |       0 |       3 |   0.0 |    46
           D:2 |       0 |     115 |   0.0 |       0 |      14 |   0.0 |   199
           D:3 |       0 |      21 |   0.0 |       0 |       5 |   0.0 |    40
               +---------+---------+-------+---------+---------+-------+---------
